 Dungeon Crawl Stone Soup version 0.18-a0-1788-g92de1ac (webtiles) character file.

1527 barb4r1an the Ducker (level 8, -5/63 HPs)
             Began as a Demonspawn Gladiator on Apr 19, 2016.
             Slain by an orc warrior
             ... wielding a +0 dire flail
              (13 damage)
             ... on level 5 of the Dungeon.
             The game lasted 00:09:33 (4992 turns).

barb4r1an the Ducker (Demonspawn Gladiator)         Turns: 4992, Time: 00:09:33

Health: -5/63      AC: 16    Str: 18    XL:     8   Next: 55%
Magic:  8/8        EV: 19    Int: 10    God:
Gold:   150        SH:  0    Dex: 20    Spells: 0 memorised, 7 levels left

rFire  . . .     SeeInvis .     n - +1 hand axe (elec)
rCold  . . .     Gourm    .     h - +0 scale mail
rNeg   . . .     Faith    +     (no shield)
rPois  +         Spirit   .     c - +0 helmet
rElec  .         Dismiss  .     C - +0 cloak {rPois}
rCorr  .         Reflect  .     r - +1 pair of gloves
SustAt .         Harm     .     (no boots)
MR     .....                    l - amulet of faith
Stlth  +.........               (no ring)
                                g - +1 ring of protection

@: agile, not resistant to hostile enchantments, very unstealthy
A: claws 1, talons 1, iridescent scales 1, agile 1, powered by pain 3, wild
magic 1
a: no special abilities


You were on level 5 of the Dungeon.
You were not hungry.

You visited 2 branches of the dungeon, and saw 7 of its levels.
You also visited: Ossuary.

You collected 225 gold pieces.
You spent 75 gold pieces at shops.

Inventory:

Hand Weapons
 a - a +0 long sword
 n - a +1 hand axe of electrocution (weapon)
Missiles
 d - 3 throwing nets (quivered)
Armour
 c - a +0 helmet (worn)
 h - a +0 scale mail (worn)
 r - a +1 pair of gloves (worn)
 C - a +0 cloak of poison resistance (worn)
Jewellery
 e - a +4 ring of slaying {unknown}
 g - a +1 ring of protection (left hand)
 l - an amulet of faith (around neck)
Wands
 z - a wand of flame (20/48)
Scrolls
 b - a scroll of enchant weapon {unknown}
 m - 3 scrolls of teleportation {unknown}
 s - 4 scrolls of remove curse
 u - a scroll of enchant armour {unknown}
 w - 2 scrolls of noise {unknown}
 x - a scroll of fog {unknown}
 y - 2 scrolls of recharging {unknown}
Potions
 i - 2 potions of berserk rage
 k - 4 potions of flight {unknown}
 o - 4 potions of curing
 p - 2 potions of brilliance {unknown}
 t - 3 potions of heal wounds
 v - 2 potions of magic {unknown}
 A - 2 potions of lignification {unknown}
Miscellaneous
 q - a plain deck of defence
Comestibles
 f - 5 bread rations
 j - 2 meat rations


   Skills:
 + Level 5.4 Fighting
 - Level 3.3 Long Blades
 + Level 4.4 Axes
 - Level 1.8 Throwing
 + Level 4.6 Armour
 + Level 5.6 Dodging


You had 7 spell levels left.
You didn't know any spells.

Dungeon Overview and Level Annotations

Branches:
Dungeon (6/15)             Temple (1/1) D:5

Altars:
Ashenzari
Dithmenos
Elyvilon
Qazlal
Vehumet
Xom
The Shining One

Shops:
D:4 !   D:5 *

Annotations:
D:6 Prince Ribbit


Innate Abilities, Weirdness & Mutations

You have sharp toenails.
You are partially covered in iridescent scales (AC +4).
You are powered by pain.
You have sharp fingernails.
You are agile. (Dex +2)
Your spells are a little harder to cast, but a little more powerful.


Message History

You claw the orc warrior, but do no damage.
The orc warrior is heavily wounded.
The orc warrior closely misses you.
You closely miss the orc warrior. You claw the orc warrior.
The orc warrior is severely wounded.
The orc warrior hits you with a dire flail!
You hit the orc warrior.
There is a sudden explosion of sparks!
You claw the orc warrior, but do no damage.
The orc warrior is almost dead.
The orc warrior hits you with a dire flail!
* * * LOW HITPOINT WARNING * * *
You hit the orc warrior but do no damage.
You claw the orc warrior, but do no damage.
The orc warrior is almost dead.
The orc warrior hits you with a dire flail!
* * * LOW HITPOINT WARNING * * *
You closely miss the orc warrior.
The orc warrior is almost dead.
The orc warrior hits you with a dire flail!
You die...

############# #...........#
## #...........############
.# #......................##
.# #.(...##.##†............#
.# #)....##.##.##########..#
.# #.....##.##.# #..#
.##############.##.# #..#
...............[@#.# #..#
..#############o÷#.# #..#
.......#### #..#.###### #..#
.÷.....##.## #..#......#
#..# .......##..##
#..#......# #..##
..#######...#######.....#
#.... ..#
###....######.....# ##.##
#.#
##.#..#......#.....######.##
#.#
#._..#######.'............##


You could see an orc warrior.

Vanquished Creatures
  Sigmund (D:4)
  Menkaure (D:5)
  2 orc warriors (D:5)
  A phantom (D:4)
  An ogre (D:6)
  5 water moccasin zombies (Ossuary)
  A scorpion (D:5)
  2 howler monkeys
  A crimson imp (D:6)
  2 hounds (D:4)
  Crazy Yiuf (D:5)
  2 orc priests (D:5)
  A human skeleton (D:6)
  A giant frog skeleton (D:4)
  A worker ant (D:5)
  3 big kobold zombies (Ossuary)
  2 mummies (Ossuary)
  3 adders
  A shadow imp (D:5)
  An ooze (D:3)
  2 adder zombies (Ossuary)
  An adder skeleton (D:4)
  5 worms
  A dart slug (D:1)
  2 giant geckos
  10 orcs
  3 ball pythons (D:1)
  7 bats
  3 giant cockroaches
  3 gnoll zombies (Ossuary)
  10 goblins
  7 hobgoblins
  6 jackals
  3 kobolds
  A giant gecko skeleton (D:4)
  A giant newt (D:3)
  3 hobgoblin zombies (Ossuary)
  5 kobold zombies (Ossuary)
  An orc skeleton (D:6)
  4 orc zombies (Ossuary)
  7 rats
  3 fungi (D:5)
121 creatures vanquished.

Notes
Turn   | Place    | Note
--------------------------------------------------------------
     0 | D:1      | barb4r1an the Demonspawn Gladiator began the quest for the Orb.
     0 | D:1      | Reached XP level 1. HP: 16/16 MP: 1/1
    47 | D:1      | Gained mutation: You sometimes gain a little power by taking damage. [demonic ancestry]
    47 | D:1      | Reached XP level 2. HP: 17/22 MP: 2/2
   827 | D:1      | Reached XP level 3. HP: 28/28 MP: 3/3
  1332 | D:2      | Reached skill level 1 in Armour
  1429 | D:2      | Gained mutation: You have sharp toenails. [demonic ancestry]
  1429 | D:2      | Reached XP level 4. HP: 19/34 MP: 4/4
  2184 | D:4      | Reached skill level 1 in Axes
  2202 | D:4      | Found a shadowy altar of Dithmenos.
  2270 | D:4      | Reached XP level 5. HP: 40/40 MP: 5/5
  2312 | D:4      | Found Vyfecveted's Distillery.
  2318 | D:4      | Bought a potion of mutation for 25 gold pieces
  2318 | D:4      | Bought a potion of heal wounds for 50 gold pieces
  2318 | D:4      | Gained mutation: Your spells are a little harder to cast, but a little more powerful. [potion of mutation]
  2318 | D:4      | Gained mutation: You are agile. (Dex +2) [potion of mutation]
  2318 | D:4      | Gained mutation: You have sharp fingernails. [potion of mutation]
  2461 | D:4      | Noticed a phantom
  2477 | D:4      | Noticed Sigmund
  2490 | D:4      | Killed Sigmund
  2490 | D:4      | Gained mutation: You sometimes gain power by taking damage. [demonic ancestry]
  2490 | D:4      | Reached XP level 6. HP: 34/47 MP: 6/6
  2922 | D:5      | Entered Level 5 of the Dungeon
  2972 | D:5      | Noticed an orc warrior
  2974 | D:5      | Gained mutation: You are partially covered in iridescent scales (AC +4). [demonic ancestry]
  2974 | D:5      | Reached XP level 7. HP: 45/53 MP: 7/7
  3009 | D:5      | Found Ockir's Assorted Antiques.
  3140 | D:5      | Found a staircase to the Ecumenical Temple.
  3164 | Temple   | Entered the Ecumenical Temple
  3444 | D:5      | Noticed Menkaure
  3451 | D:5      | Killed Menkaure
  3648 | D:5      | Found a glowing golden altar of the Shining One.
  3772 | D:5      | Noticed Crazy Yiuf
  3777 | D:5      | Paralysed by Crazy Yiuf for 2 turns
  3779 | D:5      | Killed Crazy Yiuf
  3900 | D:6      | Reached skill level 5 in Dodging
  3900 | D:6      | Gained mutation: You are powered by pain. [demonic ancestry]
  3900 | D:6      | Reached XP level 8. HP: 42/61 MP: 8/8
  3924 | D:6      | Found a sand-covered staircase.
  3932 | Ossuary  | Entered an ossuary
  4061 | Ossuary  | Reached skill level 5 in Fighting
  4322 | D:6      | Noticed Prince Ribbit
  4992 | D:5      | Slain by an orc warrior

Vault maps used:
D:1:      dpeg_arrival_central, minmay_shallow_snake_nest
D:2:      amalloy_card_club
D:4:      kennysheep_mini, serial_shops, shop_fountains, uniq_sigmund
D:5:      temple_green, first_bread, serial_shops, shop,
          nicolae_tso_swordbearing_angel, uniq_crazy_yiuf_cottage, uniq_menkaure
D:6:      led_sif_book, cheibriados_altar_1, nicolae_ossuary_entry_catacombs,
          uniq_grinder, uniq_prince_ribbit1
Temple:   circular_temple_6
Ossuary:  ossuary_tomb_2

Skill      XL: |  1  2  3  4  5  6  7  8 |
---------------+-------------------------+-----
Long Blades    | 3 |  3.3
Dodging        | 3 4 5 |  5.6
Armour         | 1 2 3 4 |  4.6
Axes           | 1 2 3 4 |  4.4
Fighting       | 3 4 5 |  5.4
Throwing       | |  1.8

Action                   |  1- 3 |  4- 6 |  7- 9 || total
-------------------------+-------+-------+-------++-------
Melee: Long sword        |   149 |       |       ||   149
       Hand axe          |    27 |    90 |   219 ||   336
       Kick              |       |    19 |    72 ||    91
  Use: Potion            |       |     1 |     1 ||     2
       Scroll            |       |     4 |     1 ||     5
  Eat: Meat ration       |       |     1 |     1 ||     2
       Chunk             |       |       |     3 ||     3
       Beef jerky        |       |       |     2 ||     2
       Pizza             |       |       |     1 ||     1
Armor: Leather armour    |    24 |       |       ||    24
       Scale mail        |    87 |    39 |    71 ||   197
Dodge: Dodged            |   148 |    46 |   118 ||   312
